 Dungeon Sprint DCSS version 0.29-a0-416-g83a48905f1 (webtiles) character file.

Game seed: 10092677006881351460

13664 garrulousMonolith the Severer (level 11, 0/99 HPs)
             Began as a Demonspawn Fighter on May 17, 2022.
             Was the Champion of Trog.
             Killed by divine providence
             ... invoked by an orc priest
              (9 damage)
             ... in the Dungeon (Sprint VII: "The Pits").
             The game lasted 00:07:26 (2142 turns).

garrulousMonolith the Severer (Demonspawn Fighter)  Turns: 2142, Time: 00:07:27

Health: 0/99       AC: 15    Str: 18    XL:     11   Next: 78%
Magic:  11/11      EV: 14    Int:  9    God:    Trog [******]
Gold:   13         SH:  8    Dex: 19    Spells: 10/10 levels left

rFire   . . .      SeeInvis +   p - +7 broad axe (flame)
rCold   . . .      Faith    .   c - +0 buckler
rNeg    . . .      Spirit   .   E - +0 swamp dragon scales
rPois   +          Reflect  .   s - +0 helmet
rElec   .          Harm     .   D - +0 cloak
rCorr   .          Rampage  .   t - +0 pair of gloves
Will    ++...      NoTele   +   (no boots)
Stlth   +.........              (no amulet)
HPRegen 3.26/turn               x - ring of see invisible
MPRegen 0.12/turn               q - +3 ring of dexterity

@: strong-willed, spiked, regenerating
A: claws 2, foul stench 2, powered by death 2
a: Renounce Religion, Berserk, Trog's Hand, Brothers in Arms


You were in the Dungeon.
You worshipped Trog.
Trog was exalted by your worship.
You visited 1 branch You collected 13 gold pieces.

Inventory:

Hand Weapons
 m - a +2 dagger of venom
 p - a +7 broad axe of flaming (weapon)
 y - the +2 halberd "Xisienumna" {vamp, Dex+4}
   (You found it in the Dungeon)

   It occasionally heals its wielder for a portion of the damage dealt when it
   wounds a living foe.
   Dex:       It affects your dexterity (+4).
Missiles
 a - 2 throwing nets
 f - 2 poisoned darts (quivered)
Armour
 b - a +0 chain mail of cold resistance
 c - a +0 buckler (worn)
 s - a +0 helmet (worn)
 t - a +0 pair of gloves (worn)
 D - a +0 cloak (worn)
 E - +0 swamp dragon scales (worn)
Jewellery
 q - a +3 ring of dexterity (right hand)
 r - a +3 ring of intelligence
 x - a ring of see invisible (left hand)
Scrolls
 j - 2 scrolls of blinking
 l - a scroll of summoning
 n - 2 scrolls of identify
 u - a scroll of immolation
 z - 2 scrolls of fog
 A - a scroll of enchant weapon
 B - a scroll of fear
 C - 3 scrolls of enchant armour
Potions
 d - 4 potions of might
 e - 6 potions of curing
 g - 3 potions of haste
 h - 4 potions of magic
 i - 4 potions of berserk rage
 k - 2 potions of invisibility
 o - 10 potions of heal wounds
 v - 3 potions of resistance
 w - 3 potions of mutation


   Skills:
 + Level 13.7 Fighting
 * Level 17.1 Axes
 + Level 12.6 Armour
 + Level 5.8 Dodging
 + Level 12.6 Shields


You had 10 spell levels left.
You didn't know any spells.
Your spell library was empty.

Dungeon Overview and Level Annotations

Branches:
Dungeon (1/1)

Altars:
Cheibriados
Dithmenos
Elyvilon
Fedhas
Gozag
Hepliaklqana
Makhleb
Nemelex Xobeh
Okawaru
Qazlal
Ru
Sif Muna
Trog
Vehumet
Wu Jian
Xom
Yredelemnul
Zin
The Shining One
Beogh
Jiyva
Lugonu


Innate Abilities, Weirdness & Mutations

You have very sharp fingernails.
You sometimes emit foul miasma when damaged in melee.
You regenerate health from kills.


Message History

You feel much better. The redback bites you!
* * * LOW HITPOINT WARNING * * *
The red devil hits you with a +0 trident.
* * * LOW HITPOINT WARNING * * *
Barbed spikes become lodged in your body.
Your skin crawls.
You feel strong-willed. The redback bites you.
* * * LOW HITPOINT WARNING * * *
The red devil misses you. You block the orc's attack.
You block the redback's attack.
You slash the orc! You burn the orc.
You kill the orc!
Trog accepts your kill. Trog grants you a weapon!
Something appears at your feet!
You see here a +4 vorpal war axe.
You hit the redback. You burn the redback. You closely miss the red devil.
The redback barely misses you.
You hit the red devil.
The red devil is lightly wounded.
You closely miss the redback.
The orc priest looks braver for a moment.
The red devil hits you with a +0 trident!
* * * LOW HITPOINT WARNING * * *
Barbed spikes become lodged in your body.
The redback closely misses you.
You slash the redback! You burn the redback.
The redback is almost dead.
You slash the red devil!
The orc priest invokes the aid of Beogh against you.
Beogh smites you!
* * * LOW HITPOINT WARNING * * *
The redback completely misses you. You block the red devil's attack.
You slash the redback! You burn the redback.
You kill the redback!
Trog accepts your kill.
You slash the red devil! The red devil barely misses you.
The orc priest invokes the aid of Beogh against you.
Beogh smites you!
You die...

##################+#
.....).............#
...).†..........@).#
#++##############4o#


oo# ..# ..# ..# ..# ..# You could see a red devil, an orc priest, an orc wizard
and an orc.

Vanquished Creatures
  Harold (D)
  A two-headed ogre (D)
  A death knight (D)
  A swamp dragon (D)
  A flayed ghost (D)
  A wolf spider (D)
  An orange demon (D)
  A yaktaur (D)
  2 rime drakes (D)
  An unseen horror (D)
  A freezing wraith (D)
  A hellwing (D)
  A demonic crawler (D)
  An efreet (D)
  A guardian mummy (D)
  An ice devil (D)
  A polar bear (D)
  2 tarantellas (D)
  8 blink frogs (D)
  A wraith (D)
  3 redbacks (D)
  Menkaure (D)
  A steam dragon (D)
  A warg (D)
  A water moccasin (D)
  A sky beast (D)
  14 wolves (D)
  A kobold brigand (D)
  A gnoll sergeant (D)
  3 wights (D)
  A quasit (D)
  An orc priest (D)
  An iron imp (D)
  An iguana (D)
  3 gnolls (D)
  An adder (D)
  A white imp (D)
  An ufetubus (D)
  2 adder skeletons (D)
  A worm (D)
  2 orcs (D)
  A ball python (D)
  A bat skeleton (D)
  2 endoplasms (D)
  4 hobgoblins (D)
  2 quokkas (D)
  A ball python zombie (D)
  A frilled lizard (D)
  A rat (D)
84 creatures vanquished.

Vanquished Creatures (collateral kills)
  A two-headed ogre (D)
  A deep troll (D)
  A guardian serpent (D)
  A gargoyle (D)
  A rime drake (D)
  A hellwing (D)
  A snapping turtle (D)
  A flying skull (D)
  A shadow (D)
  3 wolves (D)
  A wight (D)
  A quasit (D)
  An iron imp (D)
15 creatures vanquished.

Grand Total: 99 creatures vanquished

Notes
Turn   | Place    | Note
-------+----------+-------------------------------------------
     0 | D        | garrulousMonolith the Demonspawn Fighter began the quest
                  | for the Orb.
     0 | D        | Reached XP level 1. HP: 18/18 MP: 1/1
    14 | D        | Reached skill level 2 in Axes
    17 | D        | Found a bloodstained altar of Trog.
    17 | D        | Found a shimmering blue altar of Sif Muna.
    17 | D        | Found a viscous altar of Jiyva.
    17 | D        | Found a hazy altar of Hepliaklqana.
    17 | D        | Found an opulent altar of Gozag.
    18 | D        | Found a basalt altar of Yredelemnul.
    18 | D        | Found a shimmering altar of Xom.
    18 | D        | Found an ornate altar of the Wu Jian Council.
    18 | D        | Found a sacrificial altar of Ru.
    18 | D        | Found a stormy altar of Qazlal.
    18 | D        | Found an iron altar of Okawaru.
    18 | D        | Found a sparkling altar of Nemelex Xobeh.
    18 | D        | Found a burning altar of Makhleb.
    18 | D        | Found a blossoming altar of Fedhas.
    18 | D        | Found a shadowy altar of Dithmenos.
    18 | D        | Found a snail-covered altar of Cheibriados.
    20 | D        | Found a corrupted altar of Lugonu.
    20 | D        | Found a radiant altar of Vehumet.
    21 | D        | Became a worshipper of Trog the Wrathful
    68 | D        | Reached * piety under Trog
    75 | D        | Reached skill level 3 in Axes
    75 | D        | Gained mutation: You may rarely emit foul miasma when
                  | damaged in melee. [demonic ancestry]
    75 | D        | Reached XP level 2. HP: 9/24 MP: 2/2
   314 | D        | Noticed a kobold brigand
   318 | D        | Reached ** piety under Trog
   325 | D        | Killed a kobold brigand
   326 | D        | Reached skill level 5 in Axes
   326 | D        | Gained mutation: You have sharp fingernails. [demonic
                  | ancestry]
   326 | D        | Reached XP level 3. HP: 29/32 MP: 3/3
   326 | D        | Gained mutation: You regenerate a little health from kills.
                  | [demonic ancestry]
   326 | D        | Reached XP level 4. HP: 35/38 MP: 4/4
   399 | D        | Noticed a gnoll sergeant
   401 | D        | Noticed a warg
   404 | D        | Reached *** piety under Trog
   405 | D        | Reached skill level 5 in Fighting
   419 | D        | Reached **** piety under Trog
   419 | D        | Killed a warg
   420 | D        | Reached skill level 7 in Axes
   420 | D        | Reached skill level 5 in Armour
   420 | D        | Reached skill level 5 in Shields
   420 | D        | Gained mutation: You regenerate health from kills. [demonic
                  | ancestry]
   420 | D        | Reached XP level 5. HP: 36/46 MP: 5/5
   429 | D        | Reached XP level 6. HP: 29/53 MP: 6/6
   589 | D        | Noticed a tarantella
   595 | D        | Killed a tarantella
   595 | D        | Reached ***** piety under Trog
   596 | D        | Reached skill level 9 in Axes
   596 | D        | Gained mutation: You have very sharp fingernails. [demonic
                  | ancestry]
   596 | D        | Reached XP level 7. HP: 24/60 MP: 7/7
   919 | D        | Noticed Menkaure
   934 | D        | Killed Menkaure
   962 | D        | Reached skill level 10 in Axes
   966 | D        | Reached XP level 8. HP: 10/69 MP: 8/8
  1278 | D        | Got the +2 halberd "Xisienumna" {vamp, Dex+4}
  1363 | D        | Noticed a rime drake
  1363 | D        | Noticed a deep troll
  1367 | D        | Killed a rime drake
  1369 | D        | Killed a deep troll
  1370 | D        | Reached skill level 11 in Axes
  1384 | D        | Noticed a tarantella
  1384 | D        | Noticed a snapping turtle
  1390 | D        | Killed a tarantella
  1391 | D        | Reached skill level 12 in Axes
  1391 | D        | Gained mutation: You sometimes emit foul miasma when
                  | damaged in melee. [demonic ancestry]
  1391 | D        | Reached XP level 9. HP: 43/78 MP: 9/9
  1393 | D        | Reached ****** piety under Trog
  1393 | D        | Received a gift from Trog
  1394 | D        | Reached skill level 10 in Fighting
  1405 | D        | Noticed a rime drake
  1405 | D        | Noticed an orange demon
  1412 | D        | Killed a rime drake
  1413 | D        | Killed an unseen horror
  1414 | D        | Reached skill level 13 in Axes
  1422 | D        | Killed an orange demon
  1565 | D        | Noticed a two-headed ogre
  1572 | D        | Killed a two-headed ogre
  1573 | D        | Reached skill level 10 in Armour
  1573 | D        | Reached skill level 10 in Shields
  1573 | D        | Noticed Harold
  1573 | D        | Noticed a wolf spider
  1580 | D        | Killed a wolf spider
  1581 | D        | Reached XP level 10. HP: 81/88 MP: 10/10
  1590 | D        | Killed Harold
  1591 | D        | Reached skill level 14 in Axes
  1646 | D        | Received a gift from Trog
  1668 | D        | Reached skill level 15 in Axes
  1674 | D        | Received a gift from Trog
  1738 | D        | Noticed a guardian serpent
  1738 | D        | Noticed a flayed ghost
  1747 | D        | Killed a guardian serpent
  1748 | D        | Reached skill level 1 in Dodging
  1749 | D        | Noticed a gargoyle
  1751 | D        | Identified the +3 hand axe "Cainug" {flame, rCorr} (Trog
                  | gifted it to you in the Dungeon)
  1751 | D        | Received a gift from Trog
  1757 | D        | Killed a flayed ghost
  1758 | D        | Reached XP level 11. HP: 96/96 MP: 11/11
  1765 | D        | Received a gift from Trog
  1774 | D        | Reached skill level 16 in Axes
  1950 | D        | Identified the +10 battleaxe of the Moon {flame, rCorr}
                  | (Trog gifted it to you in the Dungeon)
  1950 | D        | Received a gift from Trog
  1979 | D        | Noticed a swamp dragon
  1989 | D        | Killed a swamp dragon
  2016 | D        | Noticed a two-headed ogre
  2022 | D        | Killed a two-headed ogre
  2023 | D        | Reached skill level 5 in Dodging
  2077 | D        | Noticed a death knight
  2082 | D        | Received a gift from Trog
  2089 | D        | Killed a death knight
  2090 | D        | Reached skill level 17 in Axes
  2139 | D        | Received a gift from Trog
  2142 | D        | Killed from afar by an orc priest

Illustrated notes

Levels and vault maps discovered:
D:        pitsprint [storerooms_1, entrance_room_1, metal_vault_1, armoury_1,
          mini_pit_1, grid_room_1, main_hall_1, silver_pit, the_coven_1,
          the_vestibule_1, steel_vault_4, golden_pit, hallway_of_sentries,
          crystal_vault_1, iron_vault_4, final_vault]

Skill      XL: |  1  2  3  4  5  6  7  8  9 10 11 |
---------------+----------------------------------+-----
Axes           | 3 5 7 9 10 12 13 15 17 | 17.1
Armour         | 3 4 5 6 7 8 10 11 12 | 12.6
Shields        | 3 4 5 6 7 8 10 11 12 | 12.6
Fighting       | 4 6 7 8 9 11 12 13 | 13.7
Dodging        | 2 5 |  5.8

Action                   |  1- 3 |  4- 6 |  7- 9 | 10-12 || total
-------------------------+-------+-------+-------+-------++-------
Melee: War axe           |    29 |       |    37 |    46 ||   112
       Hand axe          |       |    35 |    24 |       ||    59
       Dagger            |       |     3 |     2 |       ||     5
       Broad axe         |       |       |       |    80 ||    80
Invok: Trog's Hand       |       |     1 |     5 |     6 ||    12
       Berserk           |       |     1 |     3 |     4 ||     8
       Brothers in Arms  |       |       |     2 |     2 ||     4
  Use: Potion            |     1 |     1 |       |     4 ||     6
       Scroll            |       |       |       |     4 ||     4
Armor: Scale mail        |    17 |    27 |    36 |     2 ||    82
       Chain mail        |       |       |       |    70 ||    70
       Swamp dragon scal |       |       |       |    10 ||    10
Dodge: Dodged            |    17 |    24 |    35 |    58 ||   134
Block: Buckler           |     8 |    15 |    30 |    60 ||   113

Table legend: (Time is in decaauts)
 A = Elapsed time spent in this place.
 B = Non-inter-level travel time spent in this place.
 C = Inter-level travel time spent in this place.
 D = Time resting spent in this place.
 E = Time spent auto-exploring this place.
 F = Levels seen in this place.
 G = Mean time per level.
                   A        B        C        D        E       F      G
               +--------+--------+--------+--------+--------+-----+--------+
         Total |   2195 |   2195 |      0 |   1209 |     12 |   1 | 2195.0 |
       Dungeon |   2195 |   2195 |      0 |   1209 |     12 |   1 | 2195.0 |
               +--------+--------+--------+--------+--------+-----+--------+

Top non-repeatable levels by time:
       D: 2195 daAuts
